 Dungeon Crawl Stone Soup version 0.26-a0-854-gdc81c2f471 (webtiles) character file.

Game seed: 8191271891667049290

30 Lemonice the Covert (level 3, -4/35 HPs)
             Began as a Gnoll Delver on Nov 24, 2020.
             Slain by Prince Ribbit (10 damage)
             ... on level 6 of the Dungeon.
             The game lasted 00:01:02 (141 turns).

Lemonice the Covert (Gnoll Delver)                   Turns: 141, Time: 00:01:03

Health: -4/35      AC:  3    Str: 15    XL:     3   Next: 18%
Magic:  3/3        EV: 14    Int: 12    God:
Gold:   38         SH:  0    Dex: 16    Spells: 3/3 levels left

rFire    . . .     SeeInvis .   a - +0 spear
rCold    . . .     Faith    .   (no shield)
rNeg     . . .     Spirit   .   b - +0 leather armour
rPois    .         Reflect  .   (no helmet)
rElec    .         Harm     .   (no cloak)
rCorr    .         Rampage  .   (no gloves)
MR       .....                  (no boots)
Stlth    ++++......             (no amulet)
HPRegen  0.11/turn              (no ring)
MPRegen  0.08/turn              (no ring)

@: lethally poisoned (-4 -> -6), marked, hasted, very quick
A: distributed training, fangs 1, strong nose
a: no special abilities


You were on level 6 of the Dungeon.
You visited 1 branch of the dungeon, and saw 2 of its levels.

You collected 38 gold pieces.

Inventory:

Hand Weapons
 a - a +0 spear (weapon)
Armour
 b - a +0 leather armour (worn)
Wands
 g - a wand of digging (3)
Scrolls
 c - a scroll of fog
 d - a scroll of noise {unknown}
 e - a scroll of fear
Potions
 h - a potion of curing {unknown}
 i - a potion of mutation {unknown}


   Skills:
 + Level 6.5 Fighting
 + Level 0.6 Short Blades
 + Level 0.6 Long Blades
 + Level 0.6 Axes
 + Level 0.6 Maces & Flails
 + Level 4.5 Polearms
 + Level 0.6 Staves
 + Level 0.6 Slings
 + Level 0.6 Bows
 + Level 0.6 Crossbows
 + Level 0.6 Throwing
 + Level 0.6 Armour
 + Level 4.5 Dodging
 + Level 9.5 Stealth
 + Level 0.6 Shields
 + Level 0.6 Unarmed Combat
 + Level 0.6 Spellcasting
 + Level 0.4 Conjurations
 + Level 0.4 Hexes
 + Level 0.4 Summonings
 + Level 0.4 Necromancy
 + Level 0.4 Translocations
 + Level 0.4 Transmutations
 + Level 0.4 Fire Magic
 + Level 0.4 Ice Magic
 + Level 0.4 Air Magic
 + Level 0.4 Earth Magic
 + Level 0.4 Poison Magic
 + Level 0.8 Invocations
 + Level 0.6 Evocations


You had 3 spell levels left.
You didn't know any spells.
Your spell library was empty.

Dungeon Overview and Level Annotations

Branches:
Dungeon (6/15)
 Temple: D:4-7

Altars:
Fedhas

Annotations:
D:6 Prince Ribbit


Innate Abilities, Weirdness & Mutations

Your experience applies equally to all skills.
You have very sharp teeth.
Your uncanny sense of smell can sniff out nearby items.


Message History

Prince Ribbit is moderately wounded.
Prince Ribbit misses you.
You hit Prince Ribbit.
You punch Prince Ribbit, but do no damage.
Prince Ribbit is moderately wounded.
You feel sick. Prince Ribbit barely misses you.
You puncture Prince Ribbit!
Prince Ribbit is heavily wounded.
Prince Ribbit hits you!
* * * LOW HITPOINT WARNING * * *
A hound comes into view.
You hit Prince Ribbit.
Prince Ribbit is severely wounded.
A bullfrog zombie comes into view.
Prince Ribbit catches a small bird with his tongue.
Prince Ribbit misses you.
You hit Prince Ribbit. You bite Prince Ribbit.
Prince Ribbit is severely wounded.
Prince Ribbit hits you!
You die...

.# #..# K.... # #..#
∆..... #>.# ..K.# #..#
...# #..# ##K''## #
#.####(..... ##
####hK.KKK..... .#
########KKK..(######..
.## ###..#.@FKK.#####
#
#.########Z.....######
##.##...........##
##)....####.....##
#.##### #......# #..
#......# #..# #......#
#..# #......## #.##
##......#


You could see Prince Ribbit, 2 big kobolds, a hound, a bullfrog zombie and 4
kobolds.

Vanquished Creatures
  2 adders
  An ufetubus (D:6)
  An adder zombie (D:6)
  An orc (D:5)
5 creatures vanquished.

Vanquished Creatures (others)
  2 fungi (D:6)
  3 toadstools (D:6)
5 creatures vanquished.

Grand Total: 10 creatures vanquished

Notes
Turn   | Place    | Note
-------+----------+-------------------------------------------
     0 | D:5      | Reached skill level 9 in Stealth
     0 | D:5      | Lemonice the Gnoll Delver began the quest for the Orb.
     0 | D:5      | Reached XP level 1. HP: 23/23 MP: 1/1
    15 | D:5      | Found a blossoming altar of Fedhas.
    19 | D:5      | Reached XP level 2. HP: 29/29 MP: 2/2
   116 | D:6      | Noticed Prince Ribbit
   121 | D:6      | Noticed a big kobold
   125 | D:6      | Noticed a big kobold
   135 | D:6      | Reached XP level 3. HP: 13/35 MP: 3/3
   141 | D:6      | Slain by Prince Ribbit

Illustrated notes

Levels and vault maps discovered:
D:5:      layout_rooms, chequers_serial_rivers_micro_e, fedhas_altar_fruit_tree
D:6:      cheibrodos_fertilizer, layout_cave_pods,
          grunt_temple_overflow_diamond, uniq_prince_ribbit1

Skill      XL: | |
---------------+-+-----
Stealth        | |  9.5
Fighting       | |  6.5
Short Blades   | |  0.6
Long Blades    | |  0.6
Axes           | |  0.6
Maces & Flails | |  0.6
Polearms       | |  4.5
Staves         | |  0.6
Slings         | |  0.6
Bows           | |  0.6
Crossbows      | |  0.6
Throwing       | |  0.6
Armour         | |  0.6
Dodging        | |  4.5
Shields        | |  0.6
Unarmed Combat | |  0.6
Spellcasting   | |  0.6
Conjurations   | |  0.4
Hexes          | |  0.4
Summonings     | |  0.4
Necromancy     | |  0.4
Translocations | |  0.4
Transmutations | |  0.4
Fire Magic     | |  0.4
Ice Magic      | |  0.4
Air Magic      | |  0.4
Earth Magic    | |  0.4
Poison Magic   | |  0.4
Invocations    | |  0.8
Evocations     | |  0.6

Action                   || total
-------------------------++-------
Melee: Spear             ||    28
       Bite              ||     3
       Punch             ||     1
  Use: Scroll            ||     1
       Potion            ||     1
 Stab: Sleeping          ||     2
Armor: Leather armour    ||     5
Dodge: Dodged            ||    21

Table legend: (Time is in decaauts)
 A = Elapsed time spent in this place.
 B = Non-inter-level travel time spent in this place.
 C = Inter-level travel time spent in this place.
 D = Time resting spent in this place.
 E = Time spent auto-exploring this place.
 F = Levels seen in this place.
 G = Mean time per level.
                   A        B        C        D        E       F      G
               +--------+--------+--------+--------+--------+-----+--------+
         Total |    134 |    134 |      0 |      0 |      0 |   2 |   67.0 |
       Dungeon |    134 |    134 |      0 |      0 |      0 |   2 |   67.0 |
               +--------+--------+--------+--------+--------+-----+--------+

Top non-repeatable levels by time:
     D:6: 99 daAuts
     D:5: 35 daAuts
